 Dungeon Sprint DCSS version 0.18-a0-1354-gbc5753f (webtiles) character file.

18918 Kidiri the Unseen (level 12, -1/63 HPs)
             Began as a Spriggan Enchanter on Feb 19, 2016.
             Was the Champion of Dithmenos.
             Killed by divine providence
             ... invoked by a daeva
              (8 damage)
             ... in the Dungeon (Sprint I: "Red Sonja").
             The game lasted 00:15:05 (2887 turns).

Kidiri the Unseen (Spriggan Enchanter)              Turns: 2887, Time: 00:15:06

Health: -1/63      AC:  7    Str:  4    XL:     12   Next: 31%
Magic:  31/31      EV: 33    Int: 19    God:    Dithmenos [******]
Gold:   2043       SH: 12    Dex: 19    Spells: 9 memorised, 9 levels left

rFire  . . .     SeeInvis +     m - +5 dagger of Ceadaif {drain, Stlth+}
rCold  . . .     Gourm    .     e - +2 robe {MR+}
rNeg   . . .     Faith    .     k - +0 buckler
rPois  +         Spirit   .     (helmet restricted)
rElec  .         Dismiss  .     n - +2 cloak {MR+}
rCorr  .         Reflect  +     (gloves unavailable)
SustAt .         Harm     .     (boots unavailable)
MR     ++++.     NoTele   +     b - +4 amulet of reflection
Stlth  +++++++++.               i - ring of poison resistance
                                a - ring of flight

@: very quick, incredibly resistant to hostile enchantments, incredibly stealthy
A: unfitting armour, see invisible, herbivore 3, speed 3, slow metabolism 2
a: Shadow Step, Shadow Form, Renounce Religion, Evoke Flight


You were in the Dungeon.
You worshipped Dithmenos.
Dithmenos was exalted by your worship.
You were full.

You visited 1 branch You collected 3420 gold pieces.
You spent 1377 gold pieces at shops.

Inventory:

Hand Weapons
 m - the +5 dagger of Ceadaif (weapon) {drain, Stlth+}
   (You found it in the Dungeon)

   A truly terrible weapon, it drains the life of those it strikes.
   It makes you more stealthy.
Missiles
 l - a throwing net (quivered)
Armour
 e - a +2 robe of magic resistance (worn)
 k - a +0 buckler (worn)
 n - a +2 cloak of magic resistance (worn)
Jewellery
 a - a ring of flight (left hand)
 b - a +4 amulet of reflection (around neck)
 i - a ring of poison resistance (right hand)
Scrolls
 j - a scroll of blinking
 o - a scroll of enchant weapon
Potions
 c - 4 potions of curing
 d - a potion of agility {unknown}
 f - a potion of brilliance {unknown}
 g - a potion of haste
 h - 2 potions of magic
Comestibles
 p - a bread ration


   Skills:
 + Level 7.3 Fighting
 * Level 13.2 Short Blades
 + Level 6.6 Armour
 * Level 16.8 Dodging
 * Level 18.1 Stealth
 * Level 5.6 Shields
 * Level 14.4 Spellcasting
 + Level 6.2 Conjurations
 + Level 10.9 Hexes
 + Level 7.2 Ice Magic
 - Level 6.3 Invocations


You had 9 spell levels left.
You knew the following spells:

 Your Spells              Type           Power        Failure   Level  Hunger
a - Corona                Hex            ######.      1%          1    None
b - Ensorcelled Hibernat  Hex/Ice        #####.       1%          2    None
c - Confuse               Hex            ######..     1%          3    None
d - Tukima's Dance        Hex            ######..     1%          3    None
e - Dazzling Spray        Conj/Hex       #####...     1%          3    None
f - Conjure Flame         Conj/Fire      ####....     6%          3    None
g - Mephitic Cloud        Conj/Pois/Air  ###.....     10%         3    None
h - Freezing Cloud        Conj/Ice/Air   ####......   95%         6    #####..
i - Poisonous Cloud       Conj/Pois/Air  ###.......   100%        6    #####..


Dungeon Overview and Level Annotations

Branches:
Dungeon (1/1)

Altars:
Cheibriados
Dithmenos
Elyvilon
Fedhas
Gozag
Kikubaaqudgha
Makhleb
Nemelex Xobeh
Okawaru
Pakellas
Qazlal
Ru
Sif Muna
Trog
Vehumet
Xom
Yredelemnul
Zin
The Shining One
Jiyva

Shops:
D !=?:(}**=%}[%??[=

Annotations:
D Norris, Tiamat


Innate Abilities, Weirdness & Mutations

You are tiny and cannot use many weapons and most armour.
You have supernaturally acute eyesight.
You are an herbivore.
You cover ground extremely quickly.
You need consume almost no food.


Message History

The daeva calls down the wrath of the Shining One upon you.
The Shining One smites you!
You see here 27 gold pieces.
You now have 1935 gold pieces (gained 27).
You see here 27 gold pieces.
You now have 1962 gold pieces (gained 27).
You see here 27 gold pieces.
You now have 1989 gold pieces (gained 27).
The daeva calls down the wrath of the Shining One upon you.
The Shining One smites you!
You see here 27 gold pieces.
You now have 2016 gold pieces (gained 27).
You see here 27 gold pieces.
You now have 2043 gold pieces (gained 27).
The daeva calls down the wrath of the Shining One upon you.
The Shining One smites you!
* * * LOW HITPOINT WARNING * * *
The daeva calls down the wrath of the Shining One upon you.
The Shining One smites you!
You die...

######################***********
#..#§§.§§..§§§§+%.#^^+,,,,*,,,,,,
##+#§####§§§§§##§.+^^#,,,,**,,,,,
'..#§#)###§§.#######+#,,,,,*****,
#..'§#+#.###§#[)[##,,*,,,,,*,,,*,
#+####^..#@#§##.@.#,,**,,,,*,∩,*,
..§^.#...###..###.#,,≈***+**,,,*,
..§§§+.....##.#A#.#,,≈,,*,****+*,
##.§§#.....#..###.#,,≈,**+*,,,,**
.#§§.###++##.##§§§#,,≈**,,,,,,,,*
§#.§###..###..#§###,,≈*,,,,,,,,,,
§#..####.§###...#,≈,,**,,,,,,,,,,
§##+#..#§§#.###.#,≈,,*,,,,,,,,,,,
§##(#.........#.#**,,*,,,,,,,,,,,


You could see a daeva.

Vanquished Creatures
  4 fire giants (D)
  A lorocyproca (D)
  2 centaur warriors (D)
  A hydra (D)
  Sonja (D)
  A deep troll (D)
  7 unseen horrors (D)
  A lindwurm (D)
  An oklob plant (D)
  A gargoyle (D)
  2 kobold demonologists (D)
  4 demonic crawlers (D)
  A slime creature (D)
  Sigmund (D)
  2 redbacks (D)
  13 hogs (D)
  A yak (D)
  A wasp (D)
  7 necrophages (D)
  An ogre (D)
  8 jellies (D)
  Ijyb (D)
  3 giant eyeballs (D)
  A ballistomycete (D)
  A giant spore (D)
67 creatures vanquished.

Vanquished Creatures (others)
  A gargoyle (D)
  A giant spore (D)
2 creatures vanquished.

Grand Total: 69 creatures vanquished

Notes
Turn   | Place    | Note
--------------------------------------------------------------
     0 | D        | Kidiri the Spriggan Enchanter began the quest for the Orb.
     0 | D        | Reached XP level 1. HP: 9/9 MP: 5/5
     2 | D        | Noticed Ijyb
    28 | D        | Killed Ijyb
    28 | D        | Reached skill level 1 in Fighting
    28 | D        | Reached skill level 1 in Armour
    28 | D        | Reached skill level 5 in Stealth
    28 | D        | Reached XP level 2. HP: 8/14 MP: 5/7
    61 | D        | Learned a level 2 spell: Ensorcelled Hibernation
   200 | D        | Noticed an ogre
   202 | D        | Killed an ogre
   202 | D        | Reached skill level 6 in Dodging
   202 | D        | Reached skill level 7 in Stealth
   202 | D        | Reached skill level 5 in Spellcasting
   202 | D        | Reached skill level 1 in Ice Magic
   202 | D        | Reached XP level 3. HP: 16/18 MP: 7/10
   202 | D        | Reached XP level 4. HP: 20/23 MP: 8/12
   215 | D        | Learned a level 3 spell: Confuse
   219 | D        | Learned a level 3 spell: Tukima's Dance
   223 | D        | Learned a level 3 spell: Dazzling Spray
   247 | D        | Noticed Sigmund
   274 | D        | Killed Sigmund
   274 | D        | Reached skill level 5 in Short Blades
   274 | D        | Reached skill level 9 in Stealth
   274 | D        | Reached skill level 1 in Conjurations
   274 | D        | Reached skill level 5 in Hexes
   274 | D        | Reached XP level 5. HP: 14/27 MP: 4/14
   274 | D        | Reached XP level 6. HP: 16/32 MP: 4/16
   445 | D        | Found a snail-covered altar of Cheibriados.
   445 | D        | Found a viscous altar of Jiyva.
   445 | D        | Found a shadowy altar of Dithmenos.
   445 | D        | Found a blossoming altar of Fedhas.
   445 | D        | Noticed a slime creature
   456 | D        | Killed a slime creature
   456 | D        | Reached skill level 10 in Stealth
   459 | D        | Became a worshipper of Dithmenos the Shadowed
   514 | D        | Found a deep blue altar of Sif Muna.
   516 | D        | Found a radiant altar of Vehumet.
   555 | D        | Found Bigiumeprod's Jewellery Emporium.
   555 | D        | Found a white marble altar of Elyvilon.
   555 | D        | Found a stormy altar of Qazlal.
   555 | D        | Found a burning altar of Makhleb.
   555 | D        | Found a sacrificial altar of Ru.
   555 | D        | Found an oddly glowing altar of Pakellas.
   555 | D        | Found a basalt altar of Yredelemnul.
   555 | D        | Found a glowing golden altar of the Shining One.
   555 | D        | Found a sparkling altar of Nemelex Xobeh.
   555 | D        | Found a shimmering altar of Xom.
   555 | D        | Found an opulent altar of Gozag.
   555 | D        | Found an ancient bone altar of Kikubaaqudgha.
   555 | D        | Found a glowing silver altar of Zin.
   555 | D        | Noticed a yak
   558 | D        | Killed a yak
   558 | D        | Reached skill level 1 in Invocations
   558 | D        | Reached XP level 7. HP: 36/36 MP: 16/19
   560 | D        | Found an iron altar of Okawaru.
   561 | D        | Found a bloodstained altar of Trog.
   566 | D        | Killed a gargoyle
   582 | D        | Noticed Sonja
   586 | D        | Killed Sonja
   586 | D        | Reached * piety under Dithmenos
   586 | D        | Reached skill level 10 in Dodging
   586 | D        | Reached skill level 11 in Stealth
   586 | D        | Reached XP level 8. HP: 40/42 MP: 19/21
   606 | D        | Found Tuotsefo's Distillery.
   628 | D        | Noticed a deep troll
   635 | D        | Killed a deep troll
   635 | D        | Reached skill level 12 in Stealth
   648 | D        | Found Kiqat's Armour Emporium.
   677 | D        | Noticed a centaur warrior
   677 | D        | Noticed a centaur warrior
   684 | D        | Killed a centaur warrior
   684 | D        | Reached skill level 13 in Stealth
   684 | D        | Reached skill level 10 in Spellcasting
   684 | D        | Reached XP level 9. HP: 14/46 MP: 17/24
   694 | D        | Killed a centaur warrior
   694 | D        | Reached ** piety under Dithmenos
   694 | D        | Reached skill level 5 in Fighting
   967 | D        | Noticed an oklob plant
   969 | D        | Killed an oklob plant
   969 | D        | Reached skill level 14 in Stealth
   978 | D        | Reached skill level 5 in Ice Magic
   986 | D        | Reached skill level 10 in Short Blades
  1004 | D        | Noticed an unseen horror
  1004 | D        | Noticed an unseen horror
  1008 | D        | Killed an unseen horror
  1008 | D        | Reached skill level 5 in Invocations
  1008 | D        | Reached XP level 10. HP: 51/51 MP: 26/26
  1010 | D        | Killed an unseen horror
  1010 | D        | Reached *** piety under Dithmenos
  1010 | D        | Reached skill level 5 in Armour
  1047 | D        | Reached **** piety under Dithmenos
  1150 | D        | Reached ***** piety under Dithmenos
  1159 | D        | Reached skill level 15 in Stealth
  1175 | D        | Got a warped dagger
  1176 | D        | Identified the +5 dagger of Ceadaif {drain, Stlth+} (You found it in the Dungeon)
  1190 | D        | Found Xekhlam's Book Shoppe.
  1190 | D        | Found Wegh's Magic Scroll Shop.
  1190 | D        | Found Sopp's Weapon Boutique.
  1192 | D        | Found Bien Guo's Gadget Emporium.
  1192 | D        | Found Lurea's General Store.
  1192 | D        | Found Japenif's Assorted Antiques.
  1192 | D        | Found Weuph's Jewellery Boutique.
  1192 | D        | Found Jaopryre's Food Emporium.
  1192 | D        | Found Anumoq's Gadget Shop.
  1192 | D        | Found Dadghilev's Armour Shoppe.
  1227 | D        | Found Vikhlyle's Food Boutique.
  1228 | D        | Found Erileith's Magic Scroll Emporium.
  1228 | D        | Found Fusiel's Magic Scroll Boutique.
  1229 | D        | Found Koca's Jewellery Emporium.
  1237 | D        | Bought a scroll of identify for 28 gold pieces
  1242 | D        | Bought a +4 amulet of reflection for 350 gold pieces
  1250 | D        | Bought a scroll of identify for 52 gold pieces
  1250 | D        | Bought a buckler for 117 gold pieces
  1260 | D        | Bought a book of Clouds for 630 gold pieces
  1279 | D        | Learned a level 3 spell: Conjure Flame
  1283 | D        | Learned a level 3 spell: Mephitic Cloud
  1290 | D        | Learned a level 6 spell: Freezing Cloud
  1297 | D        | Learned a level 6 spell: Poisonous Cloud
  1590 | D        | Reached skill level 1 in Shields
  1650 | D        | Reached skill level 5 in Conjurations
  1731 | D        | Noticed a lindwurm
  1735 | D        | Killed a lindwurm
  1735 | D        | Reached ****** piety under Dithmenos
  1844 | D        | Reached XP level 11. HP: 56/56 MP: 28/28
  1889 | D        | Reached skill level 16 in Stealth
  1921 | D        | Noticed a 12-headed hydra
  1923 | D        | Killed a 12-headed hydra
  1923 | D        | Reached skill level 15 in Dodging
  2026 | D        | Bought an uncursed ring of poison resistance for 200 gold pieces
  2086 | D        | Noticed Norris
  2087 | D        | Noticed a lorocyproca
  2121 | D        | Killed a lorocyproca
  2121 | D        | Reached skill level 10 in Hexes
  2726 | D        | Noticed a daeva
  2729 | D        | Noticed an unseen horror
  2729 | D        | Noticed an unseen horror
  2729 | D        | Noticed an unseen horror
  2730 | D        | Noticed an unseen horror
  2732 | D        | Killed an unseen horror
  2733 | D        | Noticed an unseen horror
  2734 | D        | Killed an unseen horror
  2735 | D        | Killed an unseen horror
  2735 | D        | Reached skill level 17 in Stealth
  2737 | D        | Killed an unseen horror
  2754 | D        | Killed an unseen horror
  2795 | D        | Noticed a fire giant
  2797 | D        | Noticed a fire giant
  2797 | D        | Noticed a fire giant
  2797 | D        | Noticed a fire giant
  2798 | D        | Killed a fire giant
  2800 | D        | Killed a fire giant
  2800 | D        | Reached skill level 5 in Shields
  2800 | D        | Reached XP level 12. HP: 63/63 MP: 25/31
  2802 | D        | Killed a fire giant
  2805 | D        | Killed a fire giant
  2805 | D        | Reached skill level 18 in Stealth
  2829 | D        | Noticed Tiamat
  2887 | D        | Killed from afar by a daeva

Vault maps used:
D:        dungeon_sprint_1

Action                   |  1- 3 |  4- 6 |  7- 9 | 10-12 || total
-------------------------+-------+-------+-------+-------++-------
Melee: Dagger            |    20 |    14 |     1 |    84 ||   119
       Short sword       |       |       |    13 |    21 ||    34
 Fire: Shortbow          |       |       |       |     1 ||     1
 Cast: Corona            |     1 |       |       |       ||     1
       Ensorcelled Hiber |       |     6 |     4 |     9 ||    19
       Confuse           |       |     1 |     1 |     8 ||    10
       Dazzling Spray    |       |       |     1 |    22 ||    23
Invok: Shadow Step       |       |       |       |     2 ||     2
  Use: Potion            |     2 |     1 |       |     1 ||     4
       Scroll            |       |       |       |     6 ||     6
 Stab: Sleeping          |     1 |     4 |     8 |    36 ||    49
       Confused          |       |     1 |     2 |     3 ||     6
       Invisible         |       |       |       |     5 ||     5
  Eat: Bread ration      |       |       |       |     1 ||     1
